 Dungeon Crawl Stone Soup version 0.25-a0-426-g7d9e569eea (webtiles) character file.

Game seed: 8708080334723403202, levelgen mode: deterministic

63 Elellon the Conjurer (level 3, -4/19 HPs)
             Began as a Deep Elf Conjurer on Jan 25, 2020.
             Slain by a gnoll
             ... wielding a +0 spear
              (7 damage)
             ... on level 2 of the Dungeon.
             The game lasted 00:02:05 (1637 turns).

Elellon the Conjurer (Deep Elf Conjurer)            Turns: 1637, Time: 00:02:06

Health: -4/19      AC:  2    Str:  6    XL:     3   Next: 89%
Magic:  1/11       EV: 13    Int: 19    God:
Gold:   96         SH:  0    Dex: 15    Spells: 10/11 levels left

rFire    . . .     SeeInvis .   f - +2 dagger (freeze)
rCold    . . .     Gourm    .   (no shield)
rNeg     . . .     Faith    .   a - +0 robe
rPois    .         Spirit   .   (no helmet)
rElec    .         Reflect  .   (no cloak)
rCorr    .         Harm     .   (no gloves)
MR       .....                  (no boots)
Stlth    ++........             (no amulet)
HPRegen  0.06/turn              (no ring)
MPRegen  0.12/turn              (no ring)

@: very slightly contaminated
A: no striking features
a: no special abilities


You were on level 2 of the Dungeon.
You were not hungry.

You visited 1 branch of the dungeon, and saw 2 of its levels.

You collected 96 gold pieces.

Inventory:

Hand Weapons
 f - a +2 dagger of freezing (weapon)
Armour
 a - a +0 robe (worn)
Jewellery
 h - an uncursed ring of protection from fire {unknown}
Scrolls
 b - a scroll of immolation {unknown}
 j - 2 scrolls of identify {unknown}
 n - a scroll of remove curse {unknown}
Potions
 e - a potion of heal wounds {unknown}
 g - 4 potions of haste {unknown}
 i - a potion of mutation {unknown}
 k - a potion of invisibility {unknown}
 l - a potion of agility {unknown}
 m - a potion of might {unknown}
Comestibles
 c - a ration
 d - 5 chunks of flesh


   Skills:
 - Level 2.4 Dodging
 - Level 2.4 Stealth
 + Level 4.6 Spellcasting
 + Level 5.3 Conjurations


You had 10 spell levels left.
You knew the following spells:

 Your Spells              Type           Power        Failure   Level  Hunger
a - Magic Dart            Conj           ###.         1%          1    None

Your spell library contained the following spells:

 Spells                   Type           Power        Failure   Level  Hunger
 Searing Ray              Conj           ###...       2%          2    #......
 Dazzling Flash           Conj/Hex       ##....       13%         3    ###....
 Fulminant Prism          Conj/Hex       ##........   41%         4    ####...
 Iskenderun's Mystic Bla  Conj/Tloc      ##......     41%         4    ####...


Dungeon Overview and Level Annotations

Branches:
Dungeon (2/15)

Altars:
Gozag


Message History

Ouch! That really hurt!
Casting: Magic Dart (safe; 1% risk of failure)
Confirm with . or Enter, or press ? or * to list all spells.
Aiming: Magic Dart (safe; 1% risk of failure)
Press: ? - help, Shift-Dir - straight line, f/p - gnoll
Aim: a gnoll, wielding a +0 spear (moderately wounded)
The magic dart hits the gnoll.
The gnoll is moderately wounded.
The gnoll hits you from afar with a +0 spear.
* * * LOW HITPOINT WARNING * * *
Casting: Magic Dart (safe; 1% risk of failure)
Confirm with . or Enter, or press ? or * to list all spells.
Aiming: Magic Dart (safe; 1% risk of failure)
Press: ? - help, Shift-Dir - straight line, f/p - gnoll
Aim: a gnoll, wielding a +0 spear (moderately wounded)
You miscast Magic Dart.
You are very lightly contaminated with residual magic.
You smell something strange.
The gnoll hits you from afar with a +0 spear!
You die...

..#.. .... ...#
#..# #)g# ##
#.g# .. #.g#.#
####@.%########
#.............#
#.#########...#
###
#.##......#...#
#..
#.##.####.#...#
###.#
#.........#...#
#....
####.######...#
#.### #.#.#
###.###.# #
#...# #......#
#


You could see 3 gnolls.

Vanquished Creatures
  A gnoll (D:2)
  2 adders (D:2)
  A dart slug (D:1)
  3 leopard geckos
  A giant cockroach (D:2)
  5 hobgoblins (D:1)
  4 kobolds
  4 bats
  A frilled lizard (D:2)
  6 goblins (D:1)
  3 rats (D:1)
31 creatures vanquished.

Notes
Turn   | Place    | Note
-------+----------+-------------------------------------------
     0 | D:1      | Elellon the Deep Elf Conjurer began the quest for the Orb.
     0 | D:1      | Reached XP level 1. HP: 10/10 MP: 6/6
   236 | D:1      | Reached XP level 2. HP: 15/15 MP: 0/8
  1237 | D:2      | Reached skill level 5 in Conjurations
  1237 | D:2      | Reached XP level 3. HP: 19/19 MP: 8/10
  1362 | D:2      | Found an opulent altar of Gozag.
  1637 | D:2      | Slain by a gnoll

Levels and vault maps discovered:
D:1:      evilmike_arrival_come_back, layout_loops_ring,
          kennysheep_pointless_box
D:2:      layout_basic, marbit_many_paths, first_ration, grunt_gozag_statues,
          uniq_jessica

Skill      XL: |  1  2 |
---------------+-------+-----
Spellcasting   | 4 |  4.6
Conjurations   | 5 |  5.3
Dodging        | |  2.4
Stealth        | |  2.4

Action                   || total
-------------------------++-------
 Cast: Magic Dart        ||    80
  Eat: Chunk             ||     2
Armor: Robe              ||     1
Dodge: Dodged            ||    11

Table legend:
 A = Non-vault XP
 B = Vault XP
 C = Vault XP percentage of total XP
 D = Non-vault monster count
 E = Vault monster count
 F = Vault count percentage of total count
                 A         B        C        D         E       F
            +---------+---------+-------+---------+---------+-------
      Total |      91 |       0 |   0.0 |      31 |       0 |   0.0
            +---------+---------+-------+---------+---------+-------
        D:1 |      40 |       0 |   0.0 |      22 |       0 |   0.0
        D:2 |      51 |       0 |   0.0 |       9 |       0 |   0.0
            +---------+---------+-------+---------+---------+-------
